Ducks vs Oilers

Created - 24 mars 2022 at 16:08

Goals
1 2 3 T
Ducks 1 0 0 1
Oilers 1 0 1 2
Shots
1 2 3 T
Ducks 11 9 11 31
Oilers 11 13 10 34

GoalsPenalties
1st period
1. Ducks , Roope Hintz 22 (Ondrej Palat 25, Mikhail Sergachev 43) at 16:09 (PP)
2. Oilers , Kevin Hayes 17 (John Tavares 44, Keith Yandle 16) at 18:34
Roope Hintz (ANA) for Holding (Minor) at 0:57
Ryan Pulock (EDM) for Slashing (Minor) at 2:02
Mike Reilly (EDM) for Hooking (Minor) at 6:13
Justin Faulk (EDM) for Roughing (Minor) at 9:11
Mike Reilly (EDM) for Hooking (Minor) at 14:39
2nd period
No Goal
Evgeni Malkin (ANA) for Hooking (Minor) at 1:51
Ryan Pulock (EDM) for Tripping (Minor) at 8:50
Connor Murphy (ANA) for Interference (Minor) at 19:13
3rd period
3. Oilers , Robby Fabbri 12 (Ryan Pulock 42) at 9:15
Damon Severson (ANA) for Interference (Minor) at 2:12
Mark Giordano (EDM) for Interference (Minor) at 5:57
Justin Faulk (EDM) for Tripping (Minor) at 12:16
Goalie Stats
Tristan Jarry (ANA), 32 saves from 34 shots - (0,941), L, 30-32-4, 58:26 minutes
Connor Hellebuyck (EDM), 30 saves from 31 shots - (0,968), W, 37-19-7, 60:00 minutes
3 StarsOfficial
1 - Connor Hellebuyck (EDM)
2 - Kevin Hayes (EDM)
3 - Tristan Jarry (ANA)
Referees : TJ Luxmore and Dave Lewis
Linesman : Thor Nelson and Brad Lazarowich
Game Note
No Game Note



Team Name Goals Shots Shots Attemp Shots Blocked PIM HIT PP PK FO%
Ducks 13174108161 / 7 (14%)050%
Oilers 234661514210 / 4 (0%)150%

Ducks
Player Name POS G A P +/- PIM HIT SHT SB MP PP MP PP SHT PK MP PK SHT FO% FOT
Connor MurphyD000-2210315:520:0002:4500% 0
Damon SeversonD000-2201220:345:4910:5600% 0
Erik HaulaC/LW000-100109:100:0000:0000% 0
Evgeni MalkinC000-1234020:336:4130:00045% 29
Jean-Gabriel PageauC0000010120:375:5902:45046% 28
Jeremy LauzonD0000000015:170:0003:2100% 0
Joel Eriksson EkC/LW/RW000-1013023:295:5934:17050% 2
John MarinoD0000000116:250:0003:4100% 0
Kirill KaprizovLW0000002018:215:5900:00060% 5
Lars EllerC000-1012013:160:0004:17052% 21
Mikhail SergachevD0110004324:446:4133:2100% 0
Ondrej PalatLW011-1041015:306:3100:0000% 0
Roope HintzC/LW101-1213020:126:3110:00064% 11
Sean KuralyC000000005:430:0000:00050% 4
Thomas ChabotD0000033020:255:4930:0000% 0
Travis KonecnyRW0000006017:416:3110:0000% 0
Zach Aston-ReeseC/LW/RW000001108:280:0002:4500% 0
Zemgus GirgensonsC/LW/RW000000005:430:0000:0000% 0
Oilers
Player Name POS G A P +/- PIM HIT SHT SB MP PP MP PP SHT PK MP PK SHT FO% FOT
Alex IafalloC/LW0000001022:544:1605:37050% 2
Brian DumoulinD0000031218:450:0007:4200% 0
Casey CizikasC0001000011:560:0006:53024% 21
Christian DvorakC/LW000000109:000:0000:00058% 12
Devin ShoreC/LW000101004:340:0000:0000% 0
Joe PavelskiC/RW0000034118:004:1600:00044% 27
John TavaresC0111003015:272:4600:00064% 22
Jordan EberleRW000000209:000:0000:0000% 0
Justin FaulkD0001430223:473:5505:2700% 0
Keith YandleD0111013018:173:0710:1200% 0
Kevin HayesC/RW1011012015:542:4600:00080% 5
Logan CoutureC/LW0001025021:332:4615:37064% 11
Mark GiordanoD0001215525:113:5524:5600% 0
Mike ReillyD0000400111:040:0000:4300% 0
Robby FabbriC/LW/RW101100104:340:0000:0000% 0
Ryan PulockD0111411422:493:0616:0000% 0
Tomas TatarLW/RW0000034017:224:1610:0000% 0
Tyler MotteC/LW/RW0000021016:220:0006:5300% 0

Ducks

5 vs 5 Forward
Line #Left WingCenterRight WingPHYDFOFWanted %Time %Time Play
1Roope HintzEvgeni MalkinJoel Eriksson Ek1223534%13:13
2Kirill KaprizovJean-Gabriel PageauTravis Konecny0233029%11:10
3Erik HaulaLars EllerOndrej Palat1222523%8:59
4Zemgus GirgensonsSean KuralyZach Aston-Reese1311015%5:43
5 vs 5 Defense
Line #DefenseDefensePHYDFOFWanted %Time %Time Play
1Mikhail SergachevThomas Chabot1313736%14:07
2Connor MurphyDamon Severson1403333%13:02
3John MarinoJeremy Lauzon1403031%11:56
4Connor MurphyMikhail Sergachev03200%0:00
Power Play Forward
Line #Left WingCenterRight WingPHYDFOFWanted %Time %Time Play
1Kirill KaprizovJean-Gabriel PageauJoel Eriksson Ek1135048%5:59
2Ondrej PalatRoope HintzTravis Konecny1225052%6:31
Power Play Defense
Line #DefenseDefensePHYDFOFWanted %Time %Time Play
1Evgeni MalkinMikhail Sergachev1225053%6:41
2Thomas ChabotDamon Severson1225047%5:49
Penalty Kill 4 Players Forward
Line #CenterWingPHYDFOFWanted %Time %Time Play
1Lars EllerJoel Eriksson Ek1315161%4:17
2Jean-Gabriel PageauZach Aston-Reese1404939%2:45
Penalty Kill 4 Players Defense
Line #DefenseDefensePHYDFOFWanted %Time %Time Play
1John MarinoConnor Murphy1405052%3:41
2Jeremy LauzonMikhail Sergachev1405048%3:21
Penalty Kill 3 Players
Line #WingPHYDFOFWanted %Time %Time PlayDefenseDefensePHYDFOFWanted %Time %Time Play
1Lars Eller140500%0:00 Mikhail SergachevConnor Murphy140500%0:00
2Jean-Gabriel Pageau140500%0:00 Jeremy LauzonJohn Marino140500%0:00
4 vs 4 Forward
Line #CenterWingPHYDFOFWanted %Time %Time Play
1Evgeni MalkinRoope Hintz1225020%0:11
2Jean-Gabriel PageauKirill Kaprizov1225080%0:43
4 vs 4 Defense
Line #DefensePHYDFOFWanted %Time %Time Play
1Mikhail SergachevConnor Murphy1225011%50% - 0:06
2Damon SeversonJohn Marino1225089%50% - 0:48
Last Minutes Offensive
Left WingCenterRight WingDefenseDefense
Kirill KaprizovEvgeni MalkinRoope HintzMikhail SergachevThomas Chabot
Last Minutes Defensive
Left WingCenterRight WingDefenseDefense
Ondrej PalatJean-Gabriel PageauJoel Eriksson EkMikhail SergachevConnor Murphy
Time
Total ForwardTotal DefenseLast Minutes OffensiveLast Minutes Defensive
60:00 60:00 0:290:00
Extra Forwards
Normal PowerPlayPenalty Kill
Erik Haula, Sean Kuraly, Zach Aston-ReeseSean Kuraly, Ondrej PalatSean Kuraly
Extra Defensemen
Normal PowerPlayPenalty Kill
Connor Murphy, Jeremy Lauzon, Damon SeversonJohn Marino, Damon SeversonConnor Murphy
Penalty Shots
Kirill Kaprizov, Evgeni Malkin, Roope Hintz, Travis Konecny, Jean-Gabriel Pageau
Goalie
Tristan Jarry, David Rittich
Custom OT Lines Forwards
Evgeni Malkin, Roope Hintz, Kirill Kaprizov, Jean-Gabriel Pageau, Joel Eriksson Ek, Ondrej Palat, Travis Konecny, Lars Eller, Erik Haula, Sean Kuraly
Custom OT Lines Defensemen
Mikhail Sergachev, Connor Murphy, Thomas Chabot, John Marino, Damon Severson
Scratches
Jacob de la Rose (Healthy), Carl Gunnarsson (Healthy)

Oilers

5 vs 5 Forward
Line #Left WingCenterRight WingPHYDFOFWanted %Time %Time Play
1Alex IafalloJoe PavelskiTomas Tatar0413233%13:01
2Logan CoutureJohn TavaresKevin Hayes0413032%12:30
3Tyler MotteChristian DvorakJordan Eberle0412323%9:00
4Devin ShoreCasey CizikasRobby Fabbri1311512%4:34
5 vs 5 Defense
Line #DefenseDefensePHYDFOFWanted %Time %Time Play
1Justin FaulkRyan Pulock0413835%13:44
2Keith YandleMark Giordano0323838%14:58
3Brian DumoulinMike Reilly0412427%10:23
4Keith YandleMark Giordano13100%0:00
Power Play Forward
Line #Left WingCenterRight WingPHYDFOFWanted %Time %Time Play
1Logan CoutureJohn TavaresKevin Hayes0325039%2:46
2Alex IafalloJoe PavelskiTomas Tatar0415061%4:16
Power Play Defense
Line #DefenseDefensePHYDFOFWanted %Time %Time Play
1Keith YandleRyan Pulock0325044%3:07
2Justin FaulkMark Giordano0415056%3:55
Penalty Kill 4 Players Forward
Line #CenterWingPHYDFOFWanted %Time %Time Play
1Casey CizikasTyler Motte1225055%6:53
2Logan CoutureAlex Iafallo0325045%5:37
Penalty Kill 4 Players Defense
Line #DefenseDefensePHYDFOFWanted %Time %Time Play
1Mark GiordanoBrian Dumoulin1225038%4:43
2Ryan PulockJustin Faulk0325062%7:47
Penalty Kill 3 Players
Line #WingPHYDFOFWanted %Time %Time PlayDefenseDefensePHYDFOFWanted %Time %Time Play
1Casey Cizikas122500%0:00 Mark GiordanoBrian Dumoulin122500%0:00
2Logan Couture122500%0:00 Justin FaulkRyan Pulock122500%0:00
4 vs 4 Forward
Line #CenterWingPHYDFOFWanted %Time %Time Play
1John TavaresLogan Couture1225020%0:11
2Joe PavelskiKevin Hayes1225080%0:43
4 vs 4 Defense
Line #DefensePHYDFOFWanted %Time %Time Play
1Mark GiordanoJustin Faulk1225080%50% - 0:43
2Ryan PulockBrian Dumoulin1225020%50% - 0:11
Last Minutes Offensive
Left WingCenterRight WingDefenseDefense
Logan CoutureJohn TavaresTomas TatarMark GiordanoJustin Faulk
Last Minutes Defensive
Left WingCenterRight WingDefenseDefense
Logan CoutureCasey CizikasTyler MotteMark GiordanoBrian Dumoulin
Time
Total ForwardTotal DefenseLast Minutes OffensiveLast Minutes Defensive
60:00 60:00 0:000:29
Extra Forwards
Normal PowerPlayPenalty Kill
John Tavares, Tomas Tatar, Tyler MotteKevin Hayes, Tomas TatarTyler Motte
Extra Defensemen
Normal PowerPlayPenalty Kill
Mark Giordano, Ryan Pulock, Brian DumoulinMark Giordano, Ryan PulockBrian Dumoulin
Penalty Shots
Tomas Tatar, John Tavares, Jordan Eberle, Logan Couture, Robby Fabbri
Goalie
Connor Hellebuyck, Craig Anderson
Custom OT Lines Forwards
Logan Couture, John Tavares, Kevin Hayes, Joe Pavelski, Christian Dvorak, Alex Iafallo, Tomas Tatar, Tyler Motte, Robby Fabbri, Jordan Eberle
Custom OT Lines Defensemen
Mark Giordano, Justin Faulk, Ryan Pulock, Brian Dumoulin, Mike Reilly
Scratches
Vinnie Hinostroza (Healthy), Kevin Labanc (Healthy), Anton Stralman (Healthy)


Play-by-Play

1st period


0:01 of 1st period - Evgeni Malkin wins face-off versus Joe Pavelski in neutral zone.
0:06 of 1st period - Shot by Roope Hintz.
0:06 of 1st period - Stopped by Connor Hellebuyck without a rebound.
0:07 of 1st period - Jean-Gabriel Pageau wins face-off versus John Tavares in Oilers zone.
0:26 of 1st period - Shot by Logan Couture.
0:26 of 1st period - Stopped by Tristan Jarry with a rebound.
0:28 of 1st period - Shot by John Tavares.
0:28 of 1st period - Stopped by Tristan Jarry without a rebound.
0:29 of 1st period - Christian Dvorak wins face-off versus Lars Eller in Ducks zone.
0:34 of 1st period - Shot by Jordan Eberle.
0:34 of 1st period - Stopped by Tristan Jarry without a rebound.
0:35 of 1st period - Evgeni Malkin wins face-off versus Casey Cizikas in Ducks zone.
0:57 of 1st period - Minor Penalty to Roope Hintz for Holding.
0:58 of 1st period - John Tavares wins face-off versus Jean-Gabriel Pageau in Ducks zone.
2:02 of 1st period - Minor Penalty to Ryan Pulock for Slashing.
2:03 of 1st period - Joe Pavelski wins face-off versus Evgeni Malkin in Oilers zone.
2:07 of 1st period - Off-side.
2:08 of 1st period - Jean-Gabriel Pageau wins face-off versus Joe Pavelski in neutral zone.
2:19 of 1st period - Shot by Kirill Kaprizov.
2:19 of 1st period - Stopped by Connor Hellebuyck with a rebound.
2:21 of 1st period - Shot by Jean-Gabriel Pageau.
2:21 of 1st period - Deflect By Kirill Kaprizov.
2:21 of 1st period - Shot Misses the Net.
2:23 of 1st period - Shot by Jean-Gabriel Pageau.
2:23 of 1st period - Shot Blocked by Mark Giordano.
2:25 of 1st period - Shot by Jean-Gabriel Pageau.
2:25 of 1st period - Shot Blocked by Justin Faulk.
2:27 of 1st period - Shot by Kirill Kaprizov.
2:27 of 1st period - Shot Misses the Net.
2:50 of 1st period - Off-side.
2:51 of 1st period - John Tavares wins face-off versus Evgeni Malkin in neutral zone.
3:25 of 1st period - Icing by Evgeni Malkin.
3:26 of 1st period - Logan Couture wins face-off versus Roope Hintz in Ducks zone.
3:37 of 1st period - Shot by Evgeni Malkin.
3:37 of 1st period - Stopped by Connor Hellebuyck without a rebound.
3:38 of 1st period - Logan Couture wins face-off versus Joel Eriksson Ek in Oilers zone.
5:24 of 1st period - Mikhail Sergachev is hit by Tomas Tatar and loses puck.
5:29 of 1st period - Shot by Tomas Tatar.
5:29 of 1st period - Deflect By Joe Pavelski.
5:29 of 1st period - Stopped by Tristan Jarry without a rebound.
5:30 of 1st period - Evgeni Malkin wins face-off versus John Tavares in Ducks zone.
5:38 of 1st period - Icing by Mike Reilly.
5:39 of 1st period - John Tavares wins face-off versus Jean-Gabriel Pageau in Oilers zone.
5:39 of 1st period - John Tavares is hit by Jean-Gabriel Pageau.
6:00 of 1st period - Shot by Travis Konecny.
6:00 of 1st period - Shot Misses the Net.
6:13 of 1st period - Minor Penalty to Mike Reilly for Hooking.
6:14 of 1st period - Logan Couture wins face-off versus Roope Hintz in Oilers zone.
6:14 of 1st period - Justin Faulk is hit by Ondrej Palat and loses puck.
6:25 of 1st period - Shot by Mikhail Sergachev.
6:25 of 1st period - Stopped by Connor Hellebuyck without a rebound.
6:26 of 1st period - Casey Cizikas wins face-off versus Jean-Gabriel Pageau in Oilers zone.
6:44 of 1st period - Icing by Evgeni Malkin.
6:45 of 1st period - Logan Couture wins face-off versus Jean-Gabriel Pageau in Ducks zone.
7:15 of 1st period - Kirill Kaprizov is hit by Brian Dumoulin and loses puck.
8:02 of 1st period - Shot by Thomas Chabot.
8:02 of 1st period - Shot Blocked by Brian Dumoulin.
8:22 of 1st period - Zemgus Girgensons is hit by Tomas Tatar and loses puck.
8:45 of 1st period - Shot by Alex Iafallo.
8:45 of 1st period - Shot Misses the Net.
8:47 of 1st period - Shot by Joe Pavelski.
8:47 of 1st period - Stopped by Tristan Jarry without a rebound.
8:48 of 1st period - Lars Eller wins face-off versus Casey Cizikas in Ducks zone.
8:48 of 1st period - Ondrej Palat is hit by Devin Shore and loses puck.
8:58 of 1st period - Icing by Justin Faulk.
8:59 of 1st period - Lars Eller wins face-off versus Casey Cizikas in Oilers zone.
9:09 of 1st period - Lars Eller is hit by Justin Faulk and loses puck.
9:11 of 1st period - Minor Penalty to Justin Faulk for Roughing.
9:12 of 1st period - Roope Hintz wins face-off versus Casey Cizikas in Oilers zone.
9:13 of 1st period - Shot by Thomas Chabot.
9:13 of 1st period - Stopped by Connor Hellebuyck without a rebound.
9:14 of 1st period - Roope Hintz wins face-off versus Casey Cizikas in Oilers zone.
9:40 of 1st period - Icing by Travis Konecny.
9:41 of 1st period - Logan Couture wins face-off versus Roope Hintz in Ducks zone.
10:31 of 1st period - Shot by Evgeni Malkin.
10:31 of 1st period - Stopped by Connor Hellebuyck without a rebound.
10:32 of 1st period - Jean-Gabriel Pageau wins face-off versus Casey Cizikas in Oilers zone.
10:51 of 1st period - Shot by Joel Eriksson Ek.
10:51 of 1st period - Stopped by Connor Hellebuyck without a rebound.
10:52 of 1st period - Roope Hintz wins face-off versus Logan Couture in Oilers zone.
11:07 of 1st period - Shot by Thomas Chabot.
11:07 of 1st period - Stopped by Connor Hellebuyck with a rebound.
11:50 of 1st period - Off-side.
11:51 of 1st period - Joe Pavelski wins face-off versus Evgeni Malkin in neutral zone.
11:54 of 1st period - Mikhail Sergachev is hit by Joe Pavelski and loses puck.
11:59 of 1st period - Shot by Joe Pavelski.
11:59 of 1st period - Stopped by Tristan Jarry without a rebound.
12:00 of 1st period - Joel Eriksson Ek wins face-off versus Joe Pavelski in Ducks zone.
12:13 of 1st period - Shot by Roope Hintz.
12:13 of 1st period - Shot Misses the Net.
12:15 of 1st period - Shot by Roope Hintz.
12:15 of 1st period - Shot Misses the Net.
12:17 of 1st period - Shot by Thomas Chabot.
12:17 of 1st period - Shot Misses the Net.
12:19 of 1st period - Shot by Roope Hintz.
12:19 of 1st period - Shot Misses the Net.
12:44 of 1st period - Shot by Roope Hintz.
12:44 of 1st period - Deflect By Evgeni Malkin.
12:44 of 1st period - Shot Misses the Net.
13:19 of 1st period - Shot by Travis Konecny.
13:19 of 1st period - Stopped by Connor Hellebuyck without a rebound.
13:20 of 1st period - Lars Eller wins face-off versus Christian Dvorak in Oilers zone.
13:20 of 1st period - Lars Eller is hit by Keith Yandle.
13:31 of 1st period - Jordan Eberle is hit by Lars Eller and loses puck.
13:43 of 1st period - Jeremy Lauzon is hit by Mark Giordano and loses puck.
13:54 of 1st period - Shot by Erik Haula.
13:54 of 1st period - Shot Misses the Net.
14:24 of 1st period - Shot by Brian Dumoulin.
14:24 of 1st period - Stopped by Tristan Jarry with a rebound.
14:34 of 1st period - Shot by Jean-Gabriel Pageau.
14:34 of 1st period - Shot Misses the Net.
14:39 of 1st period - Minor Penalty to Mike Reilly for Hooking.
14:40 of 1st period - Logan Couture wins face-off versus Jean-Gabriel Pageau in Oilers zone.
14:56 of 1st period - Shot by Thomas Chabot.
14:56 of 1st period - Shot Blocked by Ryan Pulock.
15:05 of 1st period - Damon Severson is hit by Brian Dumoulin and loses puck.
15:15 of 1st period - Icing by Jean-Gabriel Pageau.
15:16 of 1st period - Kirill Kaprizov wins face-off versus Casey Cizikas in Ducks zone.
15:21 of 1st period - Shot by Damon Severson.
15:21 of 1st period - Shot Misses the Net.
15:23 of 1st period - Shot by Damon Severson.
15:23 of 1st period - Deflect By Kirill Kaprizov.
15:23 of 1st period - Shot Misses the Net.
15:45 of 1st period - Shot by Roope Hintz.
15:45 of 1st period - Shot Misses the Net.
15:47 of 1st period - Shot by Roope Hintz.
15:47 of 1st period - Shot Misses the Net.
15:55 of 1st period - Shot by Evgeni Malkin.
15:55 of 1st period - Shot Misses the Net.
15:57 of 1st period - Shot by Ondrej Palat.
15:57 of 1st period - Deflect By Travis Konecny.
15:57 of 1st period - Stopped by Connor Hellebuyck without a rebound.
15:58 of 1st period - Roope Hintz wins face-off versus Casey Cizikas in Oilers zone.
16:03 of 1st period - Shot by Evgeni Malkin.
16:03 of 1st period - Shot Misses the Net.
16:05 of 1st period - Shot by Mikhail Sergachev.
16:05 of 1st period - Shot Blocked by Ryan Pulock.
16:07 of 1st period - Shot by Ondrej Palat.
16:07 of 1st period - Shot Misses the Net.
16:09 of 1st period - Shot by Roope Hintz.
16:09 of 1st period - Goal by Roope Hintz - Ducks : 1 - Oilers : 0.
16:10 of 1st period - Joe Pavelski wins face-off versus Sean Kuraly in neutral zone.
16:33 of 1st period - Off-side.
16:34 of 1st period - John Tavares wins face-off versus Evgeni Malkin in neutral zone.
16:44 of 1st period - Icing by Thomas Chabot.
16:45 of 1st period - Evgeni Malkin wins face-off versus Joe Pavelski in Ducks zone.
16:49 of 1st period - Icing by Roope Hintz.
16:50 of 1st period - Kevin Hayes wins face-off versus Evgeni Malkin in Ducks zone.
16:55 of 1st period - Shot by Logan Couture.
16:55 of 1st period - Stopped by Tristan Jarry with a rebound.
16:57 of 1st period - Shot by Kevin Hayes.
16:57 of 1st period - Shot Blocked by Mikhail Sergachev.
16:59 of 1st period - Shot by John Tavares.
16:59 of 1st period - Stopped by Tristan Jarry without a rebound.
17:00 of 1st period - Evgeni Malkin wins face-off versus Joe Pavelski in Ducks zone.
17:29 of 1st period - Shot by Joe Pavelski.
17:29 of 1st period - Shot Misses the Net.
18:17 of 1st period - Keith Yandle is hit by Evgeni Malkin and loses puck.
18:21 of 1st period - Mark Giordano is hit by Joel Eriksson Ek and loses puck.
18:32 of 1st period - Shot by Kevin Hayes.
18:32 of 1st period - Shot Blocked by Damon Severson.
18:34 of 1st period - Shot by Kevin Hayes.
18:34 of 1st period - Goal by Kevin Hayes - Ducks : 1 - Oilers : 1.
18:35 of 1st period - Jean-Gabriel Pageau wins face-off versus Christian Dvorak in neutral zone.
18:45 of 1st period - Jean-Gabriel Pageau is hit by Tyler Motte and loses puck.
19:33 of 1st period - Shot by Tomas Tatar.
19:33 of 1st period - Shot Misses the Net.
19:35 of 1st period - Shot by Joe Pavelski.
19:35 of 1st period - Stopped by Tristan Jarry without a rebound.
19:36 of 1st period - John Tavares wins face-off versus Lars Eller in Ducks zone.
19:52 of 1st period - Icing by Ondrej Palat.
19:53 of 1st period - Joe Pavelski wins face-off versus Lars Eller in Ducks zone.
19:57 of 1st period - Icing by Jeremy Lauzon.
19:58 of 1st period - John Tavares wins face-off versus Lars Eller in Ducks zone.
Goals for this period are 1 for Ducks vs 1 for Oilers.
Shots for this period are 11 for Ducks vs 11 for Oilers.

2nd period


0:01 of 2nd period - Alex Iafallo wins face-off versus Evgeni Malkin in neutral zone.
0:16 of 2nd period - Shot by Alex Iafallo.
0:16 of 2nd period - Shot Misses the Net.
0:18 of 2nd period - Shot by Ryan Pulock.
0:18 of 2nd period - Shot Misses the Net.
0:27 of 2nd period - Shot by Tomas Tatar.
0:27 of 2nd period - Stopped by Tristan Jarry without a rebound.
0:28 of 2nd period - Jean-Gabriel Pageau wins face-off versus John Tavares in Ducks zone.
0:28 of 2nd period - Jean-Gabriel Pageau is hit by Logan Couture.
0:35 of 2nd period - Icing by Jeremy Lauzon.
0:36 of 2nd period - John Tavares wins face-off versus Kirill Kaprizov in Ducks zone.
1:38 of 2nd period - Icing by Ryan Pulock.
1:39 of 2nd period - Evgeni Malkin wins face-off versus Joe Pavelski in Oilers zone.
1:51 of 2nd period - Minor Penalty to Evgeni Malkin for Hooking.
1:52 of 2nd period - Lars Eller wins face-off versus Joe Pavelski in Ducks zone.
2:20 of 2nd period - Shot by Mark Giordano.
2:20 of 2nd period - Stopped by Tristan Jarry without a rebound.
2:21 of 2nd period - John Tavares wins face-off versus Jean-Gabriel Pageau in Ducks zone.
2:24 of 2nd period - Shot by Keith Yandle.
2:24 of 2nd period - Stopped by Tristan Jarry without a rebound.
2:25 of 2nd period - John Tavares wins face-off versus Jean-Gabriel Pageau in Ducks zone.
2:44 of 2nd period - Shot by John Tavares.
2:44 of 2nd period - Shot Misses the Net.
3:06 of 2nd period - Shot by Ryan Pulock.
3:06 of 2nd period - Stopped by Tristan Jarry with a rebound.
3:08 of 2nd period - Shot by Logan Couture.
3:08 of 2nd period - Stopped by Tristan Jarry without a rebound.
3:09 of 2nd period - Lars Eller wins face-off versus Joe Pavelski in Ducks zone.
3:09 of 2nd period - Lars Eller is hit by Tomas Tatar.
4:42 of 2nd period - Icing by Travis Konecny.
4:43 of 2nd period - Kirill Kaprizov wins face-off versus Logan Couture in Ducks zone.
5:00 of 2nd period - Travis Konecny is hit by Logan Couture and loses puck.
5:56 of 2nd period - Shot by Tomas Tatar.
5:56 of 2nd period - Stopped by Tristan Jarry without a rebound.
5:57 of 2nd period - Lars Eller wins face-off versus Joe Pavelski in Ducks zone.
6:32 of 2nd period - Shot by Alex Iafallo.
6:32 of 2nd period - Shot Misses the Net.
6:34 of 2nd period - Shot by Keith Yandle.
6:34 of 2nd period - Shot Misses the Net.
6:36 of 2nd period - Shot by Keith Yandle.
6:36 of 2nd period - Stopped by Tristan Jarry with a rebound.
6:38 of 2nd period - Shot by Mark Giordano.
6:38 of 2nd period - Stopped by Tristan Jarry without a rebound.
6:39 of 2nd period - Sean Kuraly wins face-off versus Casey Cizikas in Ducks zone.
7:03 of 2nd period - Shot by Zach Aston-Reese.
7:03 of 2nd period - Stopped by Connor Hellebuyck without a rebound.
7:04 of 2nd period - Christian Dvorak wins face-off versus Evgeni Malkin in Oilers zone.
7:04 of 2nd period - Christian Dvorak is hit by Evgeni Malkin.
7:14 of 2nd period - Shot by Tyler Motte.
7:14 of 2nd period - Shot Misses the Net.
7:35 of 2nd period - Off-side.
7:36 of 2nd period - Lars Eller wins face-off versus Joe Pavelski in neutral zone.
7:47 of 2nd period - Shot by Lars Eller.
7:47 of 2nd period - Shot Misses the Net.
8:11 of 2nd period - Shot by Keith Yandle.
8:11 of 2nd period - Stopped by Tristan Jarry with a rebound.
8:17 of 2nd period - Shot by Alex Iafallo.
8:17 of 2nd period - Stopped by Tristan Jarry without a rebound.
8:18 of 2nd period - Evgeni Malkin wins face-off versus John Tavares in Ducks zone.
8:18 of 2nd period - Roope Hintz is hit by Kevin Hayes and loses puck.
8:33 of 2nd period - Shot by Roope Hintz.
8:33 of 2nd period - Shot Blocked by Ryan Pulock.
8:50 of 2nd period - Minor Penalty to Ryan Pulock for Tripping.
8:51 of 2nd period - Casey Cizikas wins face-off versus Jean-Gabriel Pageau in Oilers zone.
9:06 of 2nd period - Jean-Gabriel Pageau is hit by Brian Dumoulin and loses puck.
9:09 of 2nd period - Shot by Joel Eriksson Ek.
9:09 of 2nd period - Stopped by Connor Hellebuyck without a rebound.
9:10 of 2nd period - Roope Hintz wins face-off versus Logan Couture in Oilers zone.
9:29 of 2nd period - Shot by Mikhail Sergachev.
9:29 of 2nd period - Stopped by Connor Hellebuyck without a rebound.
9:30 of 2nd period - Jean-Gabriel Pageau wins face-off versus Casey Cizikas in Oilers zone.
9:43 of 2nd period - Shot by Jean-Gabriel Pageau.
9:43 of 2nd period - Shot Misses the Net.
9:45 of 2nd period - Shot by Joel Eriksson Ek.
9:45 of 2nd period - Stopped by Connor Hellebuyck without a rebound.
9:46 of 2nd period - Logan Couture wins face-off versus Roope Hintz in Oilers zone.
10:25 of 2nd period - Icing by Roope Hintz.
10:26 of 2nd period - Roope Hintz wins face-off versus Logan Couture in Ducks zone.
10:37 of 2nd period - Shot by Evgeni Malkin.
10:37 of 2nd period - Stopped by Connor Hellebuyck with a rebound.
10:39 of 2nd period - Shot by Roope Hintz.
10:39 of 2nd period - Shot Misses the Net.
10:41 of 2nd period - Shot by Mikhail Sergachev.
10:41 of 2nd period - Shot Blocked by Mark Giordano.
11:42 of 2nd period - Mark Giordano is hit by Connor Murphy and loses puck.
12:09 of 2nd period - Shot by Tomas Tatar.
12:09 of 2nd period - Stopped by Tristan Jarry without a rebound.
12:10 of 2nd period - John Tavares wins face-off versus Evgeni Malkin in Ducks zone.
12:16 of 2nd period - Logan Couture is hit by Thomas Chabot and loses puck.
12:25 of 2nd period - Shot by John Tavares.
12:25 of 2nd period - Stopped by Tristan Jarry without a rebound.
12:26 of 2nd period - Joe Pavelski wins face-off versus Jean-Gabriel Pageau in Ducks zone.
12:29 of 2nd period - Shot by Tomas Tatar.
12:29 of 2nd period - Shot Misses the Net.
12:49 of 2nd period - Shot by Kirill Kaprizov.
12:49 of 2nd period - Stopped by Connor Hellebuyck without a rebound.
12:50 of 2nd period - Evgeni Malkin wins face-off versus Kevin Hayes in Oilers zone.
13:14 of 2nd period - Icing by Joel Eriksson Ek.
13:15 of 2nd period - Joe Pavelski wins face-off versus Evgeni Malkin in Ducks zone.
13:16 of 2nd period - Shot by Mark Giordano.
13:16 of 2nd period - Shot Blocked by Mikhail Sergachev.
13:27 of 2nd period - Tomas Tatar is hit by Thomas Chabot and loses puck.
13:51 of 2nd period - Icing by Mark Giordano.
13:52 of 2nd period - Jean-Gabriel Pageau wins face-off versus Joe Pavelski in Oilers zone.
13:57 of 2nd period - Shot by Jean-Gabriel Pageau.
13:57 of 2nd period - Shot Blocked by Joe Pavelski.
14:12 of 2nd period - Shot by Travis Konecny.
14:12 of 2nd period - Stopped by Connor Hellebuyck without a rebound.
14:13 of 2nd period - Kevin Hayes wins face-off versus Lars Eller in Oilers zone.
14:13 of 2nd period - Ryan Pulock is hit by Ondrej Palat and loses puck.
15:11 of 2nd period - Off-side.
15:12 of 2nd period - Evgeni Malkin wins face-off versus Christian Dvorak in neutral zone.
15:19 of 2nd period - Shot by Evgeni Malkin.
15:19 of 2nd period - Stopped by Connor Hellebuyck without a rebound.
15:20 of 2nd period - Christian Dvorak wins face-off versus Evgeni Malkin in Oilers zone.
15:22 of 2nd period - Icing by Jordan Eberle.
15:23 of 2nd period - Christian Dvorak wins face-off versus Evgeni Malkin in Oilers zone.
16:16 of 2nd period - Icing by Thomas Chabot.
16:17 of 2nd period - Evgeni Malkin wins face-off versus Joe Pavelski in Ducks zone.
16:21 of 2nd period - Roope Hintz is hit by Joe Pavelski and loses puck.
16:26 of 2nd period - Alex Iafallo is hit by Roope Hintz and loses puck.
16:49 of 2nd period - Damon Severson is hit by Joe Pavelski and loses puck.
17:00 of 2nd period - Icing by Connor Murphy.
17:01 of 2nd period - Kevin Hayes wins face-off versus Kirill Kaprizov in Ducks zone.
17:02 of 2nd period - Shot by Logan Couture.
17:02 of 2nd period - Shot Misses the Net.
17:19 of 2nd period - Off-side.
17:20 of 2nd period - Lars Eller wins face-off versus Christian Dvorak in neutral zone.
17:53 of 2nd period - Shot by Ondrej Palat.
17:53 of 2nd period - Stopped by Connor Hellebuyck without a rebound.
17:54 of 2nd period - Joe Pavelski wins face-off versus Evgeni Malkin in Oilers zone.
18:00 of 2nd period - Justin Faulk is hit by Thomas Chabot and loses puck.
18:22 of 2nd period - Joel Eriksson Ek is hit by Justin Faulk and loses puck.
18:28 of 2nd period - Off-side.
18:29 of 2nd period - John Tavares wins face-off versus Jean-Gabriel Pageau in neutral zone.
19:02 of 2nd period - Shot by Kevin Hayes.
19:02 of 2nd period - Shot Blocked by Jean-Gabriel Pageau.
19:04 of 2nd period - Shot by Logan Couture.
19:04 of 2nd period - Shot Misses the Net.
19:06 of 2nd period - Shot by Mike Reilly.
19:06 of 2nd period - Shot Misses the Net.
19:08 of 2nd period - Shot by Logan Couture.
19:08 of 2nd period - Shot Misses the Net.
19:10 of 2nd period - Shot by Logan Couture.
19:10 of 2nd period - Shot Misses the Net.
19:13 of 2nd period - Minor Penalty to Connor Murphy for Interference.
19:14 of 2nd period - Joe Pavelski wins face-off versus Lars Eller in Ducks zone.
19:22 of 2nd period - Icing by Joe Pavelski.
19:23 of 2nd period - Lars Eller wins face-off versus Alex Iafallo in Oilers zone.
19:55 of 2nd period - Shot by Tomas Tatar.
19:55 of 2nd period - Stopped by Tristan Jarry without a rebound.
19:56 of 2nd period - Lars Eller wins face-off versus John Tavares in Ducks zone.
Goals for this period are 0 for Ducks vs 0 for Oilers.
Shots for this period are 9 for Ducks vs 13 for Oilers.

3rd period


0:01 of 3rd period - Jean-Gabriel Pageau wins face-off versus Joe Pavelski in neutral zone.
0:14 of 3rd period - Shot by Mark Giordano.
0:14 of 3rd period - Stopped by Tristan Jarry with a rebound.
0:49 of 3rd period - Icing by Tomas Tatar.
0:50 of 3rd period - Joe Pavelski wins face-off versus Lars Eller in Oilers zone.
1:27 of 3rd period - Shot by Jean-Gabriel Pageau.
1:27 of 3rd period - Shot Misses the Net.
1:31 of 3rd period - Shot by Kirill Kaprizov.
1:31 of 3rd period - Deflect By Travis Konecny.
1:31 of 3rd period - Stopped by Connor Hellebuyck without a rebound.
1:32 of 3rd period - Evgeni Malkin wins face-off versus John Tavares in Oilers zone.
2:02 of 3rd period - Kevin Hayes is hit by Evgeni Malkin and loses puck.
2:12 of 3rd period - Minor Penalty to Damon Severson for Interference.
2:13 of 3rd period - Joe Pavelski wins face-off versus Jean-Gabriel Pageau in Ducks zone.
2:14 of 3rd period - Shot by Tomas Tatar.
2:14 of 3rd period - Shot Misses the Net.
2:57 of 3rd period - Off-side.
2:58 of 3rd period - Kevin Hayes wins face-off versus Jean-Gabriel Pageau in neutral zone.
4:17 of 3rd period - Shot by Kirill Kaprizov.
4:17 of 3rd period - Shot Misses the Net.
4:19 of 3rd period - Shot by Travis Konecny.
4:19 of 3rd period - Stopped by Connor Hellebuyck without a rebound.
4:20 of 3rd period - Christian Dvorak wins face-off versus Sean Kuraly in Oilers zone.
4:20 of 3rd period - Christian Dvorak is hit by Zach Aston-Reese.
4:32 of 3rd period - Shot by Jordan Eberle.
4:32 of 3rd period - Shot Blocked by Mikhail Sergachev.
4:40 of 3rd period - Shot by Christian Dvorak.
4:40 of 3rd period - Stopped by Tristan Jarry without a rebound.
4:41 of 3rd period - Casey Cizikas wins face-off versus Jean-Gabriel Pageau in Ducks zone.
4:58 of 3rd period - Off-side.
4:59 of 3rd period - John Tavares wins face-off versus Lars Eller in neutral zone.
5:10 of 3rd period - Ryan Pulock is hit by Ondrej Palat and loses puck.
5:25 of 3rd period - Shot by Kevin Hayes.
5:25 of 3rd period - Stopped by Tristan Jarry with a rebound.
5:27 of 3rd period - Shot by Ryan Pulock.
5:27 of 3rd period - Shot Blocked by Damon Severson.
5:31 of 3rd period - Shot by Logan Couture.
5:31 of 3rd period - Stopped by Tristan Jarry without a rebound.
5:32 of 3rd period - Evgeni Malkin wins face-off versus Joe Pavelski in Ducks zone.
5:57 of 3rd period - Minor Penalty to Mark Giordano for Interference.
5:58 of 3rd period - Jean-Gabriel Pageau wins face-off versus Casey Cizikas in Oilers zone.
6:27 of 3rd period - Shot by Kirill Kaprizov.
6:27 of 3rd period - Shot Blocked by Justin Faulk.
6:29 of 3rd period - Shot by Damon Severson.
6:29 of 3rd period - Stopped by Connor Hellebuyck with a rebound.
7:17 of 3rd period - Shot by Evgeni Malkin.
7:17 of 3rd period - Shot Misses the Net.
8:02 of 3rd period - Off-side.
8:03 of 3rd period - Sean Kuraly wins face-off versus Joe Pavelski in neutral zone.
9:15 of 3rd period - Shot by Robby Fabbri.
9:15 of 3rd period - Goal by Robby Fabbri - Ducks : 1 - Oilers : 2.
9:16 of 3rd period - John Tavares wins face-off versus Jean-Gabriel Pageau in neutral zone.
9:33 of 3rd period - Shot by Logan Couture.
9:33 of 3rd period - Stopped by Tristan Jarry without a rebound.
9:34 of 3rd period - Christian Dvorak wins face-off versus Evgeni Malkin in Ducks zone.
9:37 of 3rd period - Shot by Tyler Motte.
9:37 of 3rd period - Shot Blocked by Connor Murphy.
9:39 of 3rd period - Shot by Mark Giordano.
9:39 of 3rd period - Stopped by Tristan Jarry with a rebound.
9:55 of 3rd period - Shot by Christian Dvorak.
9:55 of 3rd period - Shot Misses the Net.
9:57 of 3rd period - Shot by Mark Giordano.
9:57 of 3rd period - Shot Blocked by Connor Murphy.
9:59 of 3rd period - Shot by Mark Giordano.
9:59 of 3rd period - Stopped by Tristan Jarry with a rebound.
10:01 of 3rd period - Shot by Tyler Motte.
10:01 of 3rd period - Shot Blocked by Connor Murphy.
10:03 of 3rd period - Shot by Tyler Motte.
10:03 of 3rd period - Deflect By Christian Dvorak.
10:03 of 3rd period - Shot Misses the Net.
10:05 of 3rd period - Shot by Tyler Motte.
10:05 of 3rd period - Shot Misses the Net.
10:13 of 3rd period - Shot by Tyler Motte.
10:13 of 3rd period - Stopped by Tristan Jarry without a rebound.
10:14 of 3rd period - John Tavares wins face-off versus Jean-Gabriel Pageau in Ducks zone.
10:35 of 3rd period - Shot by Jean-Gabriel Pageau.
10:35 of 3rd period - Deflect By Travis Konecny.
10:35 of 3rd period - Stopped by Connor Hellebuyck without a rebound.
10:36 of 3rd period - Joe Pavelski wins face-off versus Lars Eller in Oilers zone.
11:07 of 3rd period - Shot by Alex Iafallo.
11:07 of 3rd period - Shot Misses the Net.
11:09 of 3rd period - Shot by Mike Reilly.
11:09 of 3rd period - Shot Misses the Net.
11:11 of 3rd period - Shot by Mike Reilly.
11:11 of 3rd period - Shot Blocked by John Marino.
11:13 of 3rd period - Shot by Brian Dumoulin.
11:13 of 3rd period - Shot Misses the Net.
11:52 of 3rd period - Roope Hintz is hit by Ryan Pulock and loses puck.
12:02 of 3rd period - Roope Hintz is hit by Justin Faulk and loses puck.
12:16 of 3rd period - Minor Penalty to Justin Faulk for Tripping.
12:17 of 3rd period - Jean-Gabriel Pageau wins face-off versus Casey Cizikas in Oilers zone.
12:18 of 3rd period - Shot by Thomas Chabot.
12:18 of 3rd period - Stopped by Connor Hellebuyck with a rebound.
12:34 of 3rd period - Shot by Kirill Kaprizov.
12:34 of 3rd period - Shot Misses the Net.
12:43 of 3rd period - Icing by Jean-Gabriel Pageau.
12:44 of 3rd period - Jean-Gabriel Pageau wins face-off versus Casey Cizikas in Ducks zone.
13:13 of 3rd period - Icing by Mikhail Sergachev.
13:14 of 3rd period - Roope Hintz wins face-off versus Casey Cizikas in Ducks zone.
13:14 of 3rd period - Mikhail Sergachev is hit by Tyler Motte and loses puck.
13:31 of 3rd period - Shot by Mikhail Sergachev.
13:31 of 3rd period - Stopped by Connor Hellebuyck with a rebound.
13:33 of 3rd period - Shot by Evgeni Malkin.
13:33 of 3rd period - Shot Blocked by Ryan Pulock.
13:35 of 3rd period - Shot by Ondrej Palat.
13:35 of 3rd period - Shot Misses the Net.
13:37 of 3rd period - Shot by Mikhail Sergachev.
13:37 of 3rd period - Shot Blocked by Mark Giordano.
13:59 of 3rd period - Shot by Ondrej Palat.
13:59 of 3rd period - Shot Misses the Net.
15:11 of 3rd period - Shot by Ondrej Palat.
15:11 of 3rd period - Shot Misses the Net.
15:13 of 3rd period - Shot by Lars Eller.
15:13 of 3rd period - Stopped by Connor Hellebuyck without a rebound.
15:14 of 3rd period - Jean-Gabriel Pageau wins face-off versus John Tavares in Oilers zone.
15:40 of 3rd period - Icing by Connor Murphy.
15:41 of 3rd period - Jean-Gabriel Pageau wins face-off versus Casey Cizikas in Ducks zone.
16:37 of 3rd period - Shot by Roope Hintz.
16:37 of 3rd period - Stopped by Connor Hellebuyck with a rebound.
16:40 of 3rd period - Icing by Mark Giordano.
16:41 of 3rd period - Christian Dvorak wins face-off versus Lars Eller in Oilers zone.
16:41 of 3rd period - Christian Dvorak is hit by Ondrej Palat.
17:06 of 3rd period - Shot by Jordan Eberle.
17:06 of 3rd period - Stopped by Tristan Jarry without a rebound.
17:07 of 3rd period - Joe Pavelski wins face-off versus Evgeni Malkin in Ducks zone.
17:30 of 3rd period - Shot by Roope Hintz.
17:30 of 3rd period - Shot Misses the Net.
17:32 of 3rd period - Shot by Joel Eriksson Ek.
17:32 of 3rd period - Shot Blocked by Mike Reilly.
17:34 of 3rd period - Shot by Evgeni Malkin.
17:34 of 3rd period - Deflect By Roope Hintz.
17:34 of 3rd period - Shot Blocked by Brian Dumoulin.
17:58 of 3rd period - Off-side.
17:59 of 3rd period - Kirill Kaprizov wins face-off versus Christian Dvorak in neutral zone.
18:26 of 3rd period - Ducks, Tristan Jarry is pulled from the net.
18:54 of 3rd period - Shot by Erik Haula.
18:54 of 3rd period - Deflect By Ondrej Palat.
18:54 of 3rd period - Shot Blocked by Mark Giordano.
18:56 of 3rd period - Shot by Lars Eller.
18:56 of 3rd period - Shot Blocked by Mark Giordano.
18:58 of 3rd period - Shot by Lars Eller.
18:58 of 3rd period - Stopped by Connor Hellebuyck without a rebound.
18:59 of 3rd period - Lars Eller wins face-off versus John Tavares in Oilers zone.
19:30 of 3rd period - Shot by Erik Haula.
19:30 of 3rd period - Stopped by Connor Hellebuyck without a rebound.
19:31 of 3rd period - Evgeni Malkin wins face-off versus Casey Cizikas in Oilers zone.
19:50 of 3rd period - Shot by Mikhail Sergachev.
19:50 of 3rd period - Stopped by Connor Hellebuyck without a rebound.
19:51 of 3rd period - Casey Cizikas wins face-off versus Evgeni Malkin in Oilers zone.
19:53 of 3rd period - Icing by Brian Dumoulin.
19:54 of 3rd period - Casey Cizikas wins face-off versus Evgeni Malkin in Oilers zone.
Goals for this period are 0 for Ducks vs 1 for Oilers.
Shots for this period are 11 for Ducks vs 10 for Oilers.